 Dungeon Crawl Stone Soup version 0.29.1-1-gd02db6906a (webtiles) character file.

Game seed: 6186732502405333286

8 sentinel the Digger (level 2, -10/20 HPs)
             Began as a Meteoran Earth Elementalist on Oct 9, 2022.
             Killed from afar by Ijyb (14 damage)
             ... with a puff of flame
             ... on level 3 of the Dungeon.
             The game lasted 00:01:08 (332 turns).

sentinel the Digger (Meteoran Earth Elementalist)    Turns: 332, Time: 00:01:09

Health: -10/20     AC:  2    Str:  9    XL:     2   Next: 29%
Magic:  1/6        EV: 12    Int: 16    God:
Gold:   0          SH:  0    Dex: 14    Spells: 3/6 levels left

rFire   . . .      SeeInvis .   (no weapon)
rCold   . . .      Faith    .   (no shield)
rNeg    . . .      Spirit   .   a - +0 robe
rPois   .          Reflect  .   (no helmet)
rElec   .          Harm     .   (no cloak)
rCorr   .          Rampage  .   (no gloves)
Will    .....                   (no boots)
Stlth   +.........              (no amulet)
HPRegen 0.06/turn               (no ring)
MPRegen 0.10/turn               (no ring)

@: glowing
A: sense surroundings 1, otherworldly, glowing, explore regen
a: no special abilities


You were on level 3 of the Dungeon.
You visited 1 branch of the dungeon, and saw 3 of its levels.

Inventory:

Armour
 a - a +0 robe (worn)
Scrolls
 d - a scroll of enchant weapon {unknown}
Potions
 b - a potion of magic
 c - a potion of invisibility {unknown}
 e - 2 potions of curing {unknown}
 f - a potion of might {unknown}


   Skills:
 - Level 2.4 Dodging
 - Level 1.4 Stealth
 - Level 2.6 Spellcasting
 - Level 1.2 Transmutations
 + Level 4.3 Earth Magic


You had 3 spell levels left.
You knew the following spells:

 Your Spells              Type           Power      Damage    Failure   Level
a - Sandblast             Erth           32%        2d9       3%          1
c - Passwall              Tmut/Erth      9%         N/A       10%         2

Your spell library contained the following spells:

 Spells                   Type           Power      Damage    Failure   Level
 Stone Arrow              Conj/Erth      18%        3d8       24%         3
 Inner Flame              Hex/Fire       2%         N/A       50%         3
 Petrify                  Tmut/Erth      11%        N/A       52%         4
 Dragon Form              Tmut           3%         N/A       100%        7


Dungeon Overview and Level Annotations

Branches:
Dungeon (3/15) Zot: 1460

Altars:

Annotations:
D:3 Ijyb


Innate Abilities, Weirdness & Mutations

You passively map a small area around you.
You are easily found by Zot.
You glow in the dark.
You regain HP and MP as you explore.


Message History

You add the spells Inner Flame and Dragon Form to your library.
Unknown command.
No target in view!
No target in view!
You can't see any susceptible monsters within range! (Use Z to cast anyway.) Unknown command.
You can't see any susceptible monsters within range! (Use Z to cast anyway.) Unknown command.
You can't see any susceptible monsters within range! (Use Z to cast anyway.) Unknown command.
You can't see any susceptible monsters within range! (Use Z to cast anyway.) Unknown command.
No target in view!
No target in view!
Saving game... please wait.
Welcome back, sentinel the Meteoran Earth Elementalist.
Press ? for a list of commands and other information.
c - a purple potion
There is a stone staircase leading down here.
Okay, then.
You climb downwards.
Found 12 gold pieces.
There is a stone staircase leading up here.
You climb upwards.
There is a stone staircase leading down here.
There is a stone staircase leading down here.
You climb downwards.
Found a short sword.
There is a stone staircase leading up here.
You open the door.
There is an open door here.
You open the door.
A kobold comes into view. It is wielding a +0 whip.
The kobold shouts!
You hear an angry hiss.
The kobold throws a stone.
The stone hits you.
A kobold is nearby!
The blast of sand hits the kobold!
You kill the kobold!
You can't see any susceptible monsters within range! (Use Z to cast anyway.)
You can't see any susceptible monsters within range! (Use Z to cast anyway.)
There is an open door here.
A ball python comes into view.
What are your orders? t - Shout!
Orders for allies: a - Attack new target. r - Retreat! s - Stop attacking. g - Guard the area. f - Follow me.
Anything else - Cancel.
You shout for attention!
The ball python hisses angrily.
The blast of sand hits the ball python!
You kill the ball python!
A goblin comes into view. It is wielding a +0 dagger.
You can't see any susceptible monsters within range! (Use Z to cast anyway.)
You can't see any susceptible monsters within range! (Use Z to cast anyway.)
Found a scroll labelled JOROOSTR YMPUS JEMM.
Things that are here:
a +0 whip; 5 stones; a kobold corpse You can't see any susceptible monsters within range! (Use Z to cast anyway.)
The blast of sand hits the goblin!
You kill the goblin!
Your Earth Magic skill increases to level 4!
You have reached level 2!
Memorise Passwall, consuming 2 spell levels and leaving 3?
You start memorising the spell.
You continue memorising. x2
You finish memorising.
Spell assigned to 'c'.
d - a scroll labelled JOROOSTR YMPUS JEMM Magic restored.
Okay, then.
Okay, then.
You open the door.
There is an open door here.
You open the door.
There is an open door here.
An endoplasm comes into view.
The endoplasm quivers.
The blast of sand hits the endoplasm!
You kill the endoplasm!
You can't see any susceptible monsters within range! (Use Z to cast anyway.)
Found a grey potion.
A rat comes into view.
A rat is nearby!
The blast of sand hits the rat!
You kill the rat!
You can't see any susceptible monsters within range! (Use Z to cast anyway.)
You see here a rat corpse.
e - a grey potion You open the door.
There is an open door here.
As you open the door, it creaks loudly!
There is an open door here.
Found a bubbling blue potion.
Found 12 gold pieces.
f - a bubbling blue potion You see here 11 gold pieces.
You open the door.
A bat comes into view.
Found a grey potion.
Found a stone staircase leading down.
A bat is nearby!
Found 12 gold pieces.
There is an open door here.
The blast of sand hits the bat!
You kill the bat!
You can't see any susceptible monsters within range! (Use Z to cast anyway.)
A bat comes into view.
The bat barely misses you. The bat hits you.
You see here a grey potion.
The bat hits you. The bat hits you but does no damage.
The blast of sand hits the bat!
You kill the bat!
You can't see any susceptible monsters within range! (Use Z to cast anyway.)
e - 2 grey potions (gained 1)
You open the door.
There is an open door here.
There is a stone staircase leading down here.
You climb downwards.
HP restored.
Found a ring mail and 3 stones.
There is a stone staircase leading up here.
You can't see any susceptible monsters within range! (Use Z to cast anyway.)
You can't see any susceptible monsters within range! (Use Z to cast anyway.) Ijyb the Twisted Goblin comes into view.
She is wielding a +0 dagger, wearing a +0 scale mail of willpower and carrying a wand of flame (15).
Found a grey potion.
Ijyb shouts!
Ijyb zaps a wand.
The puff of flame hits you.
Your line of fire to Ijyb is blocked by a plant.
Your line of fire to Ijyb is blocked by a plant.
Your line of fire to Ijyb is blocked by a plant.
Your line of fire to Ijyb is blocked by a plant.
Your line of fire to Ijyb is blocked by a plant.
The blast of sand hits Ijyb but does no damage.
The blast of sand hits Ijyb.
Ijyb is lightly wounded.
Ijyb hits you with a +0 dagger.
The blast of sand hits Ijyb.
Ijyb is moderately wounded.
Ijyb hits you but does no damage.
The blast of sand hits Ijyb.
Ijyb is moderately wounded.
Ijyb hits you with a +0 dagger. x2
The blast of sand misses Ijyb.
The blast of sand hits the fungus!
The fungus begins to die.
The fungus is lightly damaged.
Ijyb hits you with a +0 dagger.
The blast of sand hits Ijyb.
Ijyb is moderately wounded.
Ijyb screams, "Me kill you!" Ijyb hits you with a +0 dagger.
Ijyb zaps a wand.
The puff of flame hits you!
Ouch! That really hurt!
You die...

## ###########...
####...........#. ,
............P.PP. * *
###..@g..P.....
#....###.PPP.P# , *
#####.#..#, ...PP.#
.........# ,P⌠...!# ,
#####....# .~⌠P.P#
#.######..### P.P...#
#...........###.P..P..
#.....<........####PP.*
*, #..........[P.P.. ,


You could see Ijyb.

Vanquished Creatures
  A ball python (D:2)
  An endoplasm (D:2)
  A goblin (D:2)
  A hobgoblin (D:1)
  2 bats (D:2)
  A kobold (D:2)
  A rat (D:2)
8 creatures vanquished.

Notes
Turn   | Place    | Note
-------+----------+-------------------------------------------
     0 | D:1      | sentinel the Meteoran Earth Elementalist began the quest
                  | for the Orb.
     0 | D:1      | Reached XP level 1. HP: 14/14 MP: 5/5
   112 | D:1      | Got the Reference Book on Transmigration and Flames
   155 | D:2      | Reached skill level 4 in Earth Magic
   155 | D:2      | Reached XP level 2. HP: 20/20 MP: 4/6
   159 | D:2      | Learned a level 2 spell: Passwall
   322 | D:3      | Noticed Ijyb
   332 | D:3      | Killed from afar by Ijyb

Illustrated notes

Levels and vault maps discovered:
D:1:      minmay_arrival_four_loops, layout_loops_ring
D:2:      layout_loops_corners
D:3:      minmay_spotlight, layout_loops_ring,
          mainiacjoe_overflow_six_doors_small,
          shapermc_ecumenical_altar_mp_ritualfount, uniq_ijyb

Skill      XL: |  1 |
---------------+----+-----
Earth Magic    | 4 |  4.3
Dodging        | |  2.4
Stealth        | |  1.4
Spellcasting   | |  2.6
Transmutations | |  1.2

Action                   || total
-------------------------++-------
 Cast: Sandblast         ||    14
Armor: Robe              ||     2
Dodge: Dodged            ||     1
